 Dungeon Crawl Stone Soup version 0.17-a0-1942-g46ae386 (webtiles) character file.

417 ololoev the Slasher (level 6, 4/44 HPs)
             Began as a High Elf Fighter on Sept 30, 2015.
             Quit the game on level 5 of the Dungeon.
             The game lasted 00:08:00 (1073 turns).

ololoev the Slasher (High Elf Fighter)              Turns: 1073, Time: 00:08:00

Health: 4/44       AC: 10    Str: 17    XL:     6   Next: 61%
Magic:  7/7        EV:  4    Int: 13    God:
Gold:   66         SH:  9    Dex: 14    Spells: 0 memorised, 5 levels left

rFire  . . .     SeeInvis .     a - +0 scimitar
rCold  . . .     Clarity  .     d - +0 chain mail
rNeg   . . .     SustAt   .     c - +0 shield
rPois  .         Gourm    .     i - +0 helmet
rElec  .         Spirit   .     (no cloak)
rCorr  .         Warding  .     (no gloves)
rMut   .         Stasis   .     (no boots)
MR     .....                    (no amulet)
Stlth  ..........               (no ring)
                                (no ring)

@: lethally poisoned (4 -> -20), not resistant to hostile enchantments,
extremely unstealthy
A: no striking features
a: no special abilities

Inventory:

Hand weapons
 a - a +0 scimitar (weapon)
Armour
 c - a +0 shield (worn)
 d - a +0 chain mail (worn)
 i - a +0 helmet (worn)
Scrolls
 f - 3 scrolls of remove curse {unknown}
 g - 3 scrolls of amnesia
 j - a scroll of identify
Comestibles
 e - 2 bread rations
 l - a meat ration


   Skills:
 + Level 4.5 Fighting
 * Level 6.3 Long Blades
 + Level 4.0 Armour
 - Level 2.6 Shields


You had 5 spell levels left.
You didn't know any spells.


You were on level 5 of the Dungeon.
You were not hungry.

You visited 1 branch of the dungeon, and saw 6 of its levels.

You collected 66 gold pieces.

#####.###.................#######
..........########.##.#..........
#####.##### #####.#.......<<..##
#.# #................... #.#
#.#####...........## #.# #)#
##......#..### #####.##### #.#
######....#..#.. #.........#
##.###..###....#..#.# #.###.....#
#...@Sl.............. #####.#
#..###..###......##.. #.# #..#
#..# #.##...)... #.###..###..# #.
###.##.. #...........# #. #.# ..
####.###.###....... ... ..
#...<............#. ##.###.
#.#.#.........##.# #.# . #
##.###.###..# .# #.# .

Notes
Turn   | Place    | Note
--------------------------------------------------------------
     0 | D:1      | ololoev the High Elf Fighter began the quest for the Orb.
     0 | D:1      | Reached XP level 1. HP: 16/16 MP: 2/2
    77 | D:3      | Found a shadowy altar of Dithmenos.
    90 | D:3      | Noticed an orc priest
   103 | D:3      | Killed an orc priest
   103 | D:3      | Reached XP level 2. HP: 2/21 MP: 3/3
   103 | D:3      | Reached XP level 3. HP: 2/26 MP: 4/4
   301 | D:4      | Reached skill level 4 in Long Blades
   301 | D:4      | Reached XP level 4. HP: 16/31 MP: 5/5
   333 | D:5      | Entered Level 5 of the Dungeon
   347 | D:5      | Noticed an ogre
   356 | D:5      | Killed an ogre
   356 | D:5      | Reached XP level 5. HP: 5/37 MP: 6/6
   408 | D:6      | Reached skill level 5 in Long Blades
   552 | D:4      | Found Pitraty's Antique Weapon Emporium.
   741 | D:4      | Noticed an ogre
   757 | D:4      | Killed an ogre
   757 | D:4      | Reached XP level 6. HP: 34/44 MP: 7/7
   874 | D:5      | Reached skill level 6 in Long Blades
   883 | D:5      | Noticed a phantom
  1053 | D:5      | Noticed a water moccasin
  1068 | D:5      | HP: 2/44 [poisoned by a water moccasin]
  1073 | D:5      | Quit the game

Dungeon Overview and Level Annotations

Branches:
Dungeon (6/15)
 Temple: D:4-7

Altars:
Dithmenos

Shops:
D:4 (


Message History

You miss the water moccasin. You block the water moccasin's attack.
Your shield and chain mail prevent you from hitting the water moccasin.
The water moccasin bites you. You block the water moccasin's attack.
You barely miss the water moccasin. The water moccasin bites you.
You are poisoned.
The water moccasin poisons you!
The iguana hisses menacingly.
You hit the water moccasin but do no damage.
You feel sick. The water moccasin barely misses you.
The water moccasin bites you.
You closely miss the water moccasin.
You feel sick. The water moccasin bites you.
The water moccasin barely misses you.
You closely miss the water moccasin.
You feel sick. The water moccasin bites you.
You are lethally poisoned!
The water moccasin poisons you!
The water moccasin bites you but does no damage.
You miss the water moccasin.
You feel sick. The water moccasin bites you!
You hit the water moccasin.
The water moccasin is lightly wounded.
You feel sick. You block the water moccasin's attack.
The water moccasin barely misses you.
Drink which item? (? for menu, Esc to quit)
You feel much better.
You feel sick. The water moccasin bites you!
You miss the water moccasin.
The water moccasin is lightly wounded.
You feel sick. The water moccasin bites you.
You are more poisoned.
The water moccasin poisons you! You block the water moccasin's attack.
You closely miss the water moccasin.
The water moccasin is lightly wounded.
You feel sick. You block the water moccasin's attack.
Read which item? (? for menu, Esc to quit)
As you read the scroll labeled POOCAO RAURCHE, it crumbles to dust.
It is a scroll of identify.
Identify which item? (\ to view known items) (? for menu, Esc to quit)
g - 3 scrolls of amnesia You feel sick.
You block the water moccasin's attack.
The water moccasin bites you but does no damage.
Are you sure you want to abandon this character and quit the game? (Confirm with "yes".)

You could see a water moccasin and an iguana.

Vanquished Creatures
  2 ogres
  A scorpion (D:5)
  A hound (D:6)
  An orc priest (D:3)
  A centaur skeleton (D:4)
  2 iguanas (D:4)
  A killer bee zombie (D:5)
  2 adders
  A giant gecko (D:4)
  7 orcs
  A ball python (D:5)
  5 giant cockroaches
  A hobgoblin (D:1)
  3 kobolds
  3 bats
  3 giant gecko skeletons
  3 giant newts
  2 rats
40 creatures vanquished.

Action                   |  1- 3 |  4- 6 || total
-------------------------+-------+-------++-------
Melee: Long sword        |    47 |    11 ||    58
       Scimitar          |       |    75 ||    75
  Use: Potion            |     1 |     3 ||     4
       Scroll            |       |     1 ||     1
  Eat: Chunk             |       |     1 ||     1

Vault maps used:
D:1:      dpeg_arrival_refuge
D:2:      kennysheep_goblin_castle, first_bread
D:3:      grunt_dithmenos_smoke_and_mirrors, uniq_robin
D:4:      serial_shops, shop
D:6:      kennysheep_kobold_camp, kennysheep_mini, serial_bayou_ford_a,
          bloody_trog
